 Dungeon Crawl Stone Soup version 0.26.0-10-g1f06aea511 (webtiles) character file.

Game seed: 7949435929339217339

9515 MisterFreud the Spear-Bearer (level 11, -3/95 HPs)
             Began as a Minotaur Fighter on Jan 21, 2021.
             Slain by a slime creature (11 damage)
             ... on level 12 of the Dungeon.
             The game lasted 00:14:47 (9878 turns).

MisterFreud the Spear-Bearer (Minotaur Fighter)     Turns: 9878, Time: 00:14:49

Health: -3/95      AC: 15    Str: 23    XL:     11   Next: 24%
Magic:  10/10      EV:  7    Int:  9    God:
Gold:   580        SH: 12    Dex: 10    Spells: 10/10 levels left

rFire    . . .     SeeInvis .   a - +0 trident
rCold    . . .     Faith    .   c - +1 kite shield
rNeg     . . .     Spirit   .   A - +0 chain mail
rPois    +         Reflect  .   (helmet restricted)
rElec    .         Harm     .   B - +0 cloak
rCorr    +         Rampage  .   k - +0 pair of gloves
Will     .....                  l - +0 pair of boots
Stlth    ..........             L - amulet of Teeci {rPois Regen+ Int+3}
HPRegen  0.65/turn              R - ring of poison resistance
MPRegen  0.12/turn              D - ring of resist corrosion

@: no status effects
A: retaliatory headbutt, horns 2
a: no special abilities


You were on level 12 of the Dungeon.
You visited 1 branch of the dungeon, and saw 12 of its levels.

You collected 858 gold pieces.
You spent 278 gold pieces at shops.

Inventory:

Hand Weapons
 a - a +0 trident (weapon)
Missiles
 e - 3 throwing nets
 j - 63 poisoned darts (quivered)
 r - 4 atropa-tipped darts
 w - 9 silver boomerangs
 C - 15 boomerangs
 J - 3 boomerangs of dispersal
Armour
 c - a +1 kite shield (worn)
 k - a +0 pair of gloves (worn)
 l - a +0 pair of boots (worn)
 A - a +0 chain mail (worn)
 B - a +0 cloak (worn)
Jewellery
 x - an uncursed ring of magical power
 y - an uncursed amulet of guardian spirit
 D - a ring of resist corrosion (right hand)
 L - the amulet of Teeci (around neck) {rPois Regen+ Int+3}
   (You bought it in a shop on level 7 of the Dungeon)

   [amulet of regeneration]

   It affects your intelligence (+3).
   It protects you from poison.
   It increases your rate of regeneration.
 R - a ring of poison resistance (left hand)
Wands
 n - a wand of disintegration (20)
 E - a wand of acid (20)
 M - a wand of flame (30)
 N - a wand of enslavement (7)
 P - a wand of digging (7)
 T - a wand of paralysis (7)
Scrolls
 f - 7 scrolls of teleportation
 i - 3 scrolls of remove curse
 u - 3 scrolls of blinking
 F - 3 scrolls of magic mapping
 G - a scroll of fear
 H - 2 scrolls of enchant armour
 I - a scroll of random uselessness {unknown}
 O - 3 scrolls of immolation {unknown}
 Q - 8 scrolls of identify
 U - 2 scrolls of amnesia
 W - 2 scrolls of fog {unknown}
 X - a scroll of torment {unknown}
Potions
 b - 2 potions of brilliance
 d - 2 potions of might
 g - 3 potions of invisibility
 h - 3 potions of resistance
 m - 3 potions of degeneration
 o - 10 potions of curing
 p - a potion of attraction
 q - 2 potions of flight
 s - 3 potions of mutation
 t - 2 potions of lignification
 v - 4 potions of cancellation
 z - 8 potions of heal wounds
 K - a potion of haste
 S - a potion of berserk rage {unknown}
 V - a potion of magic {unknown}


   Skills:
 + Level 8.9 Fighting
 - Level 14.0 Polearms
 + Level 9.0 Armour
 + Level 9.0 Shields
 + Level 4.8 Evocations


You had 10 spell levels left.
You didn't know any spells.
Your spell library contained the following spells:

 Spells                   Type           Power        Failure   Level
 Summon Small Mammal      Summ           0%           99%         1
 Call Imp                 Summ           0%           100%        2
 Call Canine Familiar     Summ           0%           100%        3
 Summon Guardian Golem    Hex/Summ       0%           100%        3
 Summon Ice Beast         Ice/Summ       0%           100%        4
 Summon Lightning Spire   Summ/Air       0%           100%        4


Dungeon Overview and Level Annotations

Branches:
Dungeon (12/15)            Temple (0/1) D:6            Lair (0/6) D:9
    Orc (0/2) D:10

Altars:
Gozag
Hepliaklqana
Kikubaaqudgha
Makhleb
Ru
Trog
Zin

Shops:
D:7 [*[=

Annotations:
D:3 2 transporters, Frank's ghost, amateur OpFi
D:4 3 runed translucent doors, dscm's ghost, amateur DsGl
D:8 3 runed translucent doors, MajorAdolf's ghost, novice NaWn


Innate Abilities, Weirdness & Mutations

You reflexively headbutt those who attack you in melee.
You have a pair of horns on your head.


Message History

You hit the boulder beetle. You headbutt the boulder beetle.
The boulder beetle is lightly wounded.
The boulder beetle curls into a ball and begins rolling!
The boulder beetle barely misses you. You furiously retaliate!
You headbutt the boulder beetle, but do no damage.
The boulder beetle stops rolling and uncurls.
The boulder beetle curls into a ball and begins rolling!
The boulder beetle hits you!
* * * LOW HITPOINT WARNING * * *
The boulder beetle stops rolling and uncurls.
The boulder beetle curls into a ball and begins rolling!
There is a stone staircase leading down, spattered with blood here.
You block the boulder beetle's attack.
The boulder beetle stops rolling and uncurls.
You climb downwards.
The slime creature hits you but does no damage.
The slime creature closely misses you. The slime creature hits you!
* * * LOW HITPOINT WARNING * * *
The slime creature hits you!
You die...

... .#.
####+## .$
......# ..
.......
.##.......
.........
#JJ......
#@JS.....
#.B.$....
#.#.....#
(..##....
#.. ###
#..# ...#
#.##


You could see a boulder beetle, 3 slime creatures and an adder.

Vanquished Creatures
  2 ugly things (D:11)
  2 cyclopes
  A gargoyle (D:11)
  Maggie (D:9)
  2 komodo dragons
  2 slime creatures (D:11)
  A hornet (D:9)
  Sigmund (D:3)
  9 yaks
  Edmund (D:4)
  2 ice beasts
  3 sky beasts
  3 orc warriors
  4 ogres
  3 phantoms
  A centaur (D:6)
  A big kobold (D:11)
  7 bullfrogs
  2 scorpions
  A wyvern skeleton (D:8)
  4 howler monkeys
  13 wights
  2 quasits
  4 jellies
  2 gnoll shamans
  9 orc wizards
  6 orc priests
  3 centaur skeletons
  4 hounds
  4 bullfrog skeletons
  9 iguanas
  Ijyb (D:3)
  8 worker ants
  A hound zombie (D:6)
  3 worker ant zombies
  Robin (D:5)
  14 gnolls
  15 adders
  3 shadow imps
  An ufetubus (D:9)
  3 adder zombies
  An adder skeleton (D:8)
  2 worms
  3 dart slugs (D:2)
  4 leopard geckos
  51 orcs
  2 ball pythons
  7 giant cockroaches
  12 hobgoblins
  21 jackals
  4 kobolds
  3 quokkas
  10 bats
  3 frilled lizards
  9 goblins
  A jackal skeleton (D:7)
  A jackal zombie (D:5)
  A quokka skeleton (D:5)
  10 rats
304 creatures vanquished.

Vanquished Creatures (others)
  A human (D:9)
  An orc wizard (D:8)
  33 plants (D:9)
  9 withered plants (D:2)
44 creatures vanquished.

Grand Total: 348 creatures vanquished

Notes
Turn   | Place    | Note
-------+----------+-------------------------------------------
     0 | D:1      | MisterFreud the Minotaur Fighter began the quest for the
                  | Orb.
     0 | D:1      | Reached XP level 1. HP: 19/19 MP: 0/0
    57 | D:1      | Reached skill level 3 in Polearms
    70 | D:1      | Reached XP level 2. HP: 21/26 MP: 1/1
   371 | D:1      | Reached skill level 4 in Polearms
   500 | D:1      | Reached XP level 3. HP: 29/31 MP: 2/2
   950 | D:2      | Reached skill level 5 in Polearms
  1031 | D:2      | Reached XP level 4. HP: 30/39 MP: 3/3
  1212 | D:2      | Reached skill level 6 in Polearms
  1270 | D:2      | Found an ancient bone altar of Kikubaaqudgha.
  1490 | D:2      | Reached XP level 5. HP: 45/45 MP: 4/4
  1736 | D:3      | Noticed Ijyb
  1775 | D:3      | Noticed Sigmund
  1795 | D:3      | Killed Sigmund
  1796 | D:3      | Reached skill level 7 in Polearms
  1796 | D:3      | Reached XP level 6. HP: 51/51 MP: 5/5
  1814 | D:3      | Killed Ijyb
  1815 | D:3      | Reached skill level 8 in Polearms
  1945 | D:3      | Found a transporter.
  2036 | D:3      | Found a transporter.
  2036 | D:3      | Noticed Frank's ghost (amateur OpFi)
  2402 | D:4      | Noticed Edmund
  2440 | D:4      | Killed Edmund
  2612 | D:5      | Entered Level 5 of the Dungeon
  2620 | D:5      | Reached XP level 7. HP: 12/59 MP: 3/6
  3306 | D:5      | Found a hazy altar of Hepliaklqana.
  3320 | D:5      | Found an opulent altar of Gozag.
  3602 | D:5      | Reached skill level 5 in Fighting
  3602 | D:5      | Reached skill level 5 in Armour
  3602 | D:5      | Reached skill level 5 in Shields
  3741 | D:4      | Found a runed translucent gate.
  3748 | D:4      | Found a runed translucent gate.
  3748 | D:4      | Noticed Robin
  3752 | D:4      | Found a runed translucent gate.
  3775 | D:5      | Killed Robin
  3817 | D:4      | Noticed dscm's ghost (amateur DsGl)
  3897 | D:4      | Reached skill level 9 in Polearms
  3897 | D:4      | Reached XP level 8. HP: 68/68 MP: 7/7
  4081 | D:4      | Found a bloodstained altar of Trog.
  4081 | D:4      | Found a sacrificial altar of Ru.
  4690 | D:6      | Found a staircase to the Ecumenical Temple.
  4924 | D:6      | Reached skill level 10 in Polearms
  5105 | D:6      | You fall into a shaft and drop 2 floors!
  5113 | D:8      | Found the +9 scales of the Dragon King {rPois rF+ rC+
                  | Will+}
  5176 | D:7      | Found a glowing silver altar of Zin.
  5189 | D:8      | Reached skill level 11 in Polearms
  5267 | D:7      | Found a burning altar of Makhleb.
  5286 | D:7      | Noticed an angel
  5288 | D:7      | Noticed an Executioner
  5408 | D:7      | Found Megeebra's Assorted Antiques.
  5419 | D:7      | Bought a ruby potion for 18 gold pieces
  5419 | D:7      | Bought a glittering steel amulet for 100 gold pieces
  5419 | D:7      | Bought an iron wand for 80 gold pieces
  5419 | D:7      | Bought a fluorescent wand for 80 gold pieces
  5419 | D:7      | Identified the amulet of Teeci {rPois Regen+ Int+3} (You
                  | bought it in a shop on level 7 of the Dungeon)
  5433 | D:7      | Found Loamothy's Armour Shop.
  5455 | D:7      | Reached XP level 9. HP: 66/75 MP: 8/8
  5697 | D:7      | Reached skill level 12 in Polearms
  5712 | D:7      | Found Ciduonna's Jewellery Shop.
  5909 | D:7      | Found Iblusaid's Armour Shop.
  6270 | D:8      | Reached skill level 13 in Polearms
  6352 | D:8      | Found a runed translucent gate.
  6352 | D:8      | Found a runed translucent gate.
  6352 | D:8      | Found a runed translucent gate.
  6354 | D:8      | Noticed MajorAdolf's ghost (novice NaWn)
  6937 | D:9      | Reached skill level 14 in Polearms
  7027 | D:9      | Reached skill level 1 in Evocations
  7057 | D:9      | Reached XP level 10. HP: 40/84 MP: 9/9
  7166 | D:9      | Found a staircase to the Lair.
  7287 | D:9      | Noticed Maggie
  7322 | D:9      | Killed Maggie
  7496 | D:9      | Found an ancient bone altar of Kikubaaqudgha.
  7825 | D:10     | Entered Level 10 of the Dungeon
  7887 | D:10     | Found a staircase to the Orcish Mines.
  7908 | D:10     | Noticed a cyclops
  7921 | D:10     | Killed a cyclops
  8563 | D:11     | Noticed a cyclops
  8575 | D:11     | Killed a cyclops
  8605 | D:11     | Noticed a boulder beetle
  8726 | D:11     | Noticed a purple ugly thing
  8726 | D:11     | Noticed a gargoyle
  8742 | D:11     | Killed a purple ugly thing
  8909 | D:11     | Reached XP level 11. HP: 82/95 MP: 10/10
  9006 | D:11     | Noticed a purple ugly thing
  9028 | D:11     | Killed a purple ugly thing
  9878 | D:12     | Slain by a slime creature

Illustrated notes

Levels and vault maps discovered:
D:1:      doesnt_arrival_eight_statues, layout_basic, minmay_worlds_worst_comb
D:2:      layout_basic, kiku_gazebo_garden_becter
D:3:      layout_basic, gammafunk_ghost_mausoleum, uniq_sigmund, uniq_ijyb
D:4:      layout_cave_pods, gammafunk_temple_overflow_wave,
          ebering_ghost_rock_garden, uniq_robin, uniq_edmund
D:5:      layout_loops_cross, nzn_hepliaklqana_mist_gate,
          nicolae_gozag_seed_capital
D:6:      layout_basic, minmay_temple_entry_large_hall, minmay_pentangle
D:7:      layout_basic, grunt_temple_overflow_order_and_chaos_2, serial_shops,
          shop_fountains, shop, shop_coins, kennysheep_mini
D:8:      layout_basic, ebering_ghost_rock_garden
D:9:      minmay_weird_star, layout_irregular_city, david_lair_shrubbed,
          serial_column_ruins, column_ruins_hut_ruined, column_ruins_hut_water,
          column_ruins_open_tiny, column_ruins_corridor_plus,
          column_ruins_grid_1, column_ruins_grid_3,
          column_ruins_columns_straight, column_ruins_grid_3,
          column_ruins_grid_1, chequers_serial_rivers_micro_c,
          tgw_kikubaaqudgha, uniq_maggie
D:10:     layout_loops_ring, david_orc_2
D:11:     layout_loops_ring
D:12:     layout_basic, dk_noncrumbling_3, nicolae_blasting_shop

Skill      XL: |  1  2  3  4  5  6  7  8  9 10 11 |
---------------+----------------------------------+-----
Polearms       | 3 4 5 6 7 8 9 11 14 | 14.0
Fighting       | 4 5 6 8 |  8.9
Armour         | 4 5 6 8 9 |  9.0
Shields        | 4 5 6 8 9 |  9.0
Evocations     | 1 4 |  4.8

Action                   |  1- 3 |  4- 6 |  7- 9 | 10-12 || total
-------------------------+-------+-------+-------+-------++-------
Melee: Trident           |    95 |   179 |   619 |   404 ||  1297
       Headbutt          |    14 |    18 |    93 |    84 ||   209
Throw: Dart              |       |     1 |       |     5 ||     6
  Use: Scroll            |       |       |    20 |       ||    20
Armor: Scale mail        |    27 |    39 |    42 |       ||   108
       Skin              |       |    10 |       |       ||    10
       Chain mail        |       |       |   168 |    59 ||   227
Dodge: Dodged            |    23 |    23 |    90 |    40 ||   176
Block: Kite shield       |    33 |    60 |   236 |   124 ||   453
